 Dungeon Crawl Stone Soup version 0.31-a0-859-g9dce7d3444 (webtiles) character file.

Game seed: 12593265338577874271

219 Dirtsage the Ruffian (level 5, -4/33 HPs)
             Began as an Octopode Shapeshifter on Oct 9, 2023.
             Slain by Sigmund
             ... wielding a +0 scythe
              (9 damage)
             ... on level 3 of the Dungeon.
             The game lasted 00:04:08 (1837 turns).

Dirtsage the Ruffian (Octopode Shapeshifter)        Turns: 1837, Time: 00:04:08

Health: -4/33      AC:  1    Str: 15    XL:     5   Next: 96%
Magic:  5/5        EV: 18    Int: 13    God:
Gold:   90         SH:  0    Dex: 11    Spells: 4/4 levels left

rFire   . .          .
                       - Unarmed
rCold   . . .        (no shield)
rNeg    . . .        (helmet currently unavailable)
rPois   .            (no amulet)
rElec   .            l - +5 ring of evasion
rCorr   .            (no ring)
SInv    .            (no ring)
Will    .....        (no ring)
Stlth   ++           (no ring)
HPRegen 0.25/turn    (no ring)
MPRegen 0.09/turn    (no ring)
                     (no ring)

%: no passive effects
@: confused, beast-form
A: beast (slay +2), almost no armour, amphibious, 8 rings, camouflage 1,
gelatinous body 1, (nimble swimmer 1), tentacles
a: Begin Untransformation


You were on level 3 of the Dungeon.
You were a hulking beast.
You visited 1 branch of the dungeon, and saw 3 of its levels.

You collected 90 gold pieces.

Inventory:

Magical Staves
 f - a staff of death
Jewellery
 l - a +5 ring of evasion (left tentacle)
 q - a ring of fire
Talismans
 b - a beast talisman (active)
 c - a flux talisman
Scrolls
 e - a scroll of teleportation {unknown}
 g - 2 scrolls of immolation
 i - 3 scrolls of identify
 j - 2 scrolls of fog {unknown}
 o - a scroll of blinking {unknown}
 p - 2 scrolls of enchant weapon {unknown}
 s - a scroll of enchant armour {unknown}
Potions
 a - a potion of lignification
 d - a potion of enlightenment {unknown}
 h - a potion of haste
 k - a potion of brilliance {unknown}
 m - a potion of invisibility {unknown}
 r - a potion of curing {unknown}


   Skills:
 - Level 1.0 Fighting
 - Level 2.0 Dodging
 + Level 5.0 Unarmed Combat
 + Level 4.7 Shapeshifting


You had 4 spell levels left.
You didn't know any spells.
Your spell library contained the following spells:

 Spells                   Type           Power      Damage    Failure   Level
 Sting                    Tmut/Pois      0%         1d3       30%         1
 Poisonous Vapours        Pois/Air       0%         N/A       43%         2
 Inner Flame              Hex/Fire       0%         N/A       67%         3
 Flame Wave               Conj/Fire      0%         2d4       97%         4
 Olgreb's Toxic Radiance  Pois           0%         N/A       97%         4
 Sticky Flame             Conj/Fire      0%         2d3       97%         4


Dungeon Overview and Level Annotations

Branches:
Dungeon (3/15)

Altars:

Shops:
D:1 *

Annotations:
D:3 Sigmund


Innate Abilities, Weirdness & Mutations

You are a hulking beast.
Your limbs bulge with bestial killing power. (Slay +2)
You cannot wear most types of armour.
You are amphibious.
You can wear up to eight rings at the same time.
Your skin changes colour to match your surroundings (Stealth+).
Your rubbery body absorbs attacks. (AC +1, EV +1)
((You are camouflaged when in or above water. (Stealth+)))
You have tentacles for arms and can constrict up to eight enemies at once.


Message History

You regained 3 hp, and now have 15/33 hp.
Something closely misses you.
You regained 4 hp, and now have 19/33 hp.
Something hits you!
You take 7 damage, and have 12/33 hp.
MASSIVE DAMAGE!!
You regained 3 hp, and now have 15/33 hp.
Something hits you.
You take 1 damage, and have 14/33 hp.
Something hits you!
* * * LOW HITPOINT WARNING * * *
You take 7 damage, and have 7/33 hp.
MASSIVE DAMAGE!!
You regained 4 hp, and now have 11/33 hp.
You regained 4 hp, and now have 15/33 hp.
You're too confused to move!
You feel less invigorated.
You feel less confused.
You hear some strange, mumbled words.
You are confused.
You regained 5 hp, and now have 20/33 hp.
You bump into the rock wall.
Something hits you.
Okay, then.
You bump into the rock wall.
Sigmund appears from thin air!
Reactivating autopickup.
Sigmund gestures at you while chanting.
You are more confused.
You bump into the rock wall.
Sigmund hits you from afar with a +0 scythe!
You take 9 damage, and have 11/33 hp.
MASSIVE DAMAGE!!
Unknown command.
You bump into the rock wall.
You bump into the rock wall.
Sigmund barely misses you. Sigmund gestures at you while chanting.
The puff of flame hits you!
* * * LOW HITPOINT WARNING * * *
You take 7 damage, and have 5/33 hp.
MASSIVE DAMAGE!!
You are too confused!
You are too confused!
You bump into the rock wall.
Sigmund hits you from afar with a +0 scythe!
You die...
Sigmund begins carving another notch in his scythe.

####......#
###..(..#...#
#.....#.+...+
#.....###...#
#......##...#
#......##...#
#......##...#
#......######
######...h.#
#####.###
#.@.# # ###.#
#.. #.#
#...####'##
#.........#
##........#
#........#


You could see Sigmund (inner flame).

Vanquished Creatures
  A black bear (D:3)
  A gnoll bouda (D:3)
  An adder (D:2)
  4 gnolls (D:3)
  A worm (D:2)
  3 dart slugs
  7 ball pythons
  3 endoplasms
  3 giant cockroaches (D:1)
  3 goblins
  4 hobgoblins
  4 jackals (D:1)
  2 quokkas (D:1)
  A bat (D:2)
  3 frilled lizards
  7 kobolds
  7 rats
55 creatures vanquished.

Notes
Turn   | Place    | Note
-------+----------+-------------------------------------------
     0 | D:1      | Dirtsage the Octopode Shapeshifter began the quest for the
                  | Orb.
     0 | D:1      | Reached XP level 1. HP: 13/13 MP: 1/1
    94 | D:1      | Found Qierez's Assorted Antiques.
   100 | D:1      | Reached XP level 2. HP: 18/18 MP: 2/2
   229 | D:1      | Found a faded altar of an unknown god.
   278 | D:1      | Reached XP level 3. HP: 17/23 MP: 3/3
   857 | D:2      | Reached skill level 4 in Unarmed Combat
   857 | D:2      | Reached XP level 4. HP: 25/28 MP: 4/4
  1641 | D:3      | Reached XP level 5. HP: 20/33 MP: 5/5
  1774 | D:3      | Noticed Sigmund
  1785 | D:3      | Noticed a black bear
  1797 | D:3      | Killed a black bear
  1798 | D:3      | Reached skill level 5 in Unarmed Combat
  1837 | D:3      | Slain by Sigmund

Illustrated notes

Levels and vault maps discovered:
D:1:      wheals_arrival_shading, layout_loops_ring, serial_shops, shop,
          ebering_ecumenical_altar_ruins
D:2:      layout_loops_ring, serial_forest, infiniplex_forest_corner_1,
          infiniplex_forest_zigzag_1, infiniplex_forest_end_double,
          infiniplex_forest_straight_5, infiniplex_forest_lined_3,
          infiniplex_forest_clump_medium
D:3:      layout_basic, uniq_sigmund

Skill      XL: |  1  2  3  4  5 |
---------------+----------------+-----
Unarmed Combat | 4 5 |  5.0
Shapeshifting  | 4 |  4.7
Fighting       | |  1.0
Dodging        | |  2.0

Action                     |  1- 3 |  4- 6 || total
---------------------------+-------+-------++-------
  Melee: Unarmed           |    73 |    48 ||   121
         Constrict         |    22 |     3 ||    25
         Tentacles         |    10 |     1 ||    11
         Punch             |     1 |     4 ||     5
    Use: Potion            |       |     4 ||     4
         Scroll            |       |     2 ||     2
   Stab: Sleeping          |     9 |     2 ||    11
 Armour: Skin              |    16 |    56 ||    72
  Dodge: Dodged            |    39 |    18 ||    57

Table legend: (Time is in decaauts)
 A = Elapsed time spent in this place.
 B = Non-inter-level travel time spent in this place.
 C = Inter-level travel time spent in this place.
 D = Time resting spent in this place.
 E = Time spent auto-exploring this place.
 F = Levels seen in this place.
 G = Mean time per level.
                   A        B        C        D        E       F      G
               +--------+--------+--------+--------+--------+-----+--------+
         Total |   1826 |   1792 |     34 |     49 |   1377 |   3 |  608.7 |
       Dungeon |   1826 |   1792 |     34 |     49 |   1377 |   3 |  608.7 |
               +--------+--------+--------+--------+--------+-----+--------+

Top non-repeatable levels by time:
     D:2: 702 daAuts
     D:1: 632 daAuts
     D:3: 491 daAuts
